 Dungeon Crawl Stone Soup version 0.28-a0-1555-g9ae15a6949 (webtiles) character file.

Game seed: 5924911272522194958

109 issech the Cudgeller (level 4, -2/44 HPs)
             Began as a Troll Fighter on Jan 18, 2022.
             Killed from afar by Natasha (8 damage)
             ... with a magic dart
             ... on level 4 of the Dungeon.
             The game lasted 00:08:19 (2408 turns).

issech the Cudgeller (Troll Fighter)                Turns: 2408, Time: 00:08:19

Health: -2/44      AC:  4    Str: 26    XL:     4   Next: 60%
Magic:  3/3        EV:  8    Int:  4    God:
Gold:   93         SH:  7    Dex:  9    Spells: 3/3 levels left

rFire   . . .      SeeInvis .   a - +1 flail
rCold   . . .      Faith    .   c - +0 kite shield
rNeg    . . .      Spirit   .   b - +0 robe
rPois   .          Reflect  .   (helmet restricted)
rElec   .          Harm     .   (no cloak)
rCorr   .          Rampage  .   (gloves unavailable)
Will    .....                   (boots unavailable)
Stlth   +.........              (no amulet)
HPRegen 0.94/turn               (no ring)
MPRegen 0.08/turn               (no ring)

@: slowed, very slow
A: large, unfitting armour, claws 3, regeneration 1, shaggy fur 1, tough skin 1
a: no special abilities


You were on level 4 of the Dungeon.
You visited 1 branch of the dungeon, and saw 4 of its levels.

You collected 93 gold pieces.

Inventory:

Hand Weapons
 a - a +1 flail (weapon)
 e - a +0 trident
 j - a +0 falchion
 k - a +0 short sword of electrocution
 l - a +0 hunting sling
Missiles
 f - 120 stones (quivered)
 m - 45 sling bullets
 n - 38 arrows
Armour
 b - a +0 robe (worn)
 c - a +0 kite shield (worn)
 g - a +0 helmet
 q - a +2 pair of gloves
Scrolls
 i - a scroll of immolation
 p - a scroll of noise
Potions
 d - 2 potions of might
 h - a potion of flight
 o - a potion of curing


   Skills:
 + Level 2.9 Fighting
 + Level 3.1 Maces & Flails
 + Level 2.9 Dodging
 + Level 3.0 Shields


You had 3 spell levels left.
You didn't know any spells.
Your spell library contained the following spells:

 Spells                   Type           Power      Damage    Failure   Level
 Blink                    Tloc           0%         N/A       90%         2
 Call Imp                 Summ           0%         N/A       90%         2
 Lesser Beckoning         Tloc           0%         N/A       99%         3
 Stone Arrow              Conj/Erth      0%         3d7       99%         3
 Flame Wave               Conj/Fire      0%         2d4       100%        4
 Manifold Assault         Tloc           0%         N/A       100%        5
 Lehudib's Crystal Spear  Conj/Erth      0%         10d2      100%        8


Dungeon Overview and Level Annotations

Branches:
Dungeon (4/15)             Temple (0/1) D:4

Altars:
Elyvilon
Xom
The Shining One

Annotations:
D:4 Natasha


Innate Abilities, Weirdness & Mutations

You are too large for most types of armour.
You have claws for hands.
Your natural rate of healing is unusually fast.
You are covered in fur. (AC +1)
You have tough skin. (AC +1)


Message History

The iron imp hits you!
* * * LOW HITPOINT WARNING * * *
You block Natasha's attack. The iron imp hits you.
* * * LOW HITPOINT WARNING * * *
Natasha claws you but does no damage. You block the iron imp's attack.
Natasha casts a spell at you. The magic dart hits you.
* * * LOW HITPOINT WARNING * * *
You block the iron imp's attack. Natasha claws you but does no damage.
The iron imp disappears in a puff of smoke!
Natasha casts a spell.
Natasha mumbles some strange words.
You feel troubled. The crimson imp hits you.
* * * LOW HITPOINT WARNING * * *
You block Natasha's attack.
You feel yourself speed up.
Natasha hisses.
You block the crimson imp's attack.
The crimson imp blinks!
Natasha stares at you and mumbles some strange words.
You feel yourself slow down. Natasha claws you but does no damage.
Natasha casts a spell at you. The magic dart hits you.
* * * LOW HITPOINT WARNING * * *
Natasha stares at you and mumbles some strange words.
The magic dart hits you.
* * * LOW HITPOINT WARNING * * *
2 black bears come into view.
Found a staircase to the Ecumenical Temple.
The black bear growls angrily.
You hear a shout!
An endoplasm comes into view.
You hear a shout! x3; You hear an angry hiss.
The black bear growls angrily.
You hear a shout! x2
Natasha casts a spell at you. The magic dart hits you!
You die...

.#########......#
###g#..# #.wg##
###.# #W# #5##
#.h# ##.##
#.8h#@#
........J#
..h8.>.8..
.........##
...#.8.###
.....## ..... ...


You could see a phantom, a black bear, Natasha, a crimson imp (summoned), a dart
slug and an endoplasm.

Vanquished Creatures
  An orc priest (D:3)
  An adder (D:3)
  A worm (D:3)
  A dart slug (D:3)
  7 orcs (D:3)
  4 ball pythons
  3 endoplasms
  2 giant cockroaches
  5 goblins
  8 hobgoblins
  6 kobolds
  A quokka (D:1)
  10 bats
  A frilled lizard (D:1)
  4 rats
55 creatures vanquished.

Notes
Turn   | Place    | Note
-------+----------+-------------------------------------------
     0 | D:1      | issech the Troll Fighter began the quest for the Orb.
     0 | D:1      | Reached XP level 1. HP: 22/22 MP: 0/0
   173 | D:1      | Reached XP level 2. HP: 29/29 MP: 1/1
  1129 | D:2      | Reached XP level 3. HP: 36/36 MP: 2/2
  1584 | D:3      | Got the Grimoire of Creative Battle Magic
  1670 | D:3      | Reached XP level 4. HP: 39/44 MP: 3/3
  1731 | D:3      | Found a shimmering altar of Xom.
  2360 | D:4      | Found a glowing golden altar of the Shining One.
  2363 | D:4      | Found a white marble altar of Elyvilon.
  2383 | D:4      | Noticed Natasha
  2385 | D:4      | Noticed a phantom
  2407 | D:4      | Found a staircase to the Ecumenical Temple.
  2407 | D:4      | Noticed a black bear
  2407 | D:4      | Noticed a black bear
  2408 | D:4      | Killed from afar by Natasha

Illustrated notes

Levels and vault maps discovered:
D:1:      dpeg_arrival_stonehenge_8_columns, layout_basic
D:2:      layout_basic
D:3:      layout_basic, mainiacjoe_overflow_small_starburst, minmay_distorted
D:4:      layout_rooms, trog_ov_bears_minmay,
          chequers_temple_overflow_statue_of_worship,
          minmay_temple_entry_statues_pillars, uniq_natasha, uniq_sigmund,
          uniq_pikel, uniq_robin

Skill      XL: |  1  2  3  4 |
---------------+-------------+-----
Maces & Flails | 2 3 |  3.1
Shields        | 3 |  3.0
Fighting       | |  2.9
Dodging        | |  2.9

Action                   |  1- 3 |  4- 6 || total
-------------------------+-------+-------++-------
Melee: Flail             |   143 |    38 ||   181
  Use: Scroll            |     5 |       ||     5
Armor: Robe              |    67 |    20 ||    87
Dodge: Dodged            |    63 |    15 ||    78
Block: Kite shield       |    66 |    23 ||    89

Table legend: (Time is in decaauts)
 A = Elapsed time spent in this place.
 B = Non-inter-level travel time spent in this place.
 C = Inter-level travel time spent in this place.
 D = Time resting spent in this place.
 E = Time spent auto-exploring this place.
 F = Levels seen in this place.
 G = Mean time per level.
                   A        B        C        D        E       F      G
               +--------+--------+--------+--------+--------+-----+--------+
         Total |   2494 |   2494 |      0 |      5 |   1477 |   4 |  623.5 |
       Dungeon |   2494 |   2494 |      0 |      5 |   1477 |   4 |  623.5 |
               +--------+--------+--------+--------+--------+-----+--------+

Top non-repeatable levels by time:
     D:3: 989 daAuts
     D:1: 918 daAuts
     D:2: 512 daAuts
     D:4: 73 daAuts
